Map: [Official] Fruitland TL

Players

Kelazhur

  • Race: Terran Terran
  • Spawn Location: 1:00

Harstem - Winner!

  • Race: Protoss Protoss
  • Spawn Location: 7:00

Event: DreamHack SC2 Masters 2022 Atlanta (Offline)

VOD

Have the link to the VOD?

Description

Time

  • Played on: Nov. 20, 2022, 4:01 p.m.
  • Length: 6:02
Show
View Real Time Build Order
Export as new Build Order

Kelazhur Terran 

Build Orders:  

Get SALT Encoding   

  12  0:00  SCV x2  
  12  0:07  SCV  
  14  0:10  Supply Depot  
  15  0:15  SCV  
  16  0:22  SCV, Barracks  
  16  0:25  Refinery  
  17  0:30  SCV  
  17  0:35  Orbital Command  
  17  0:36  SCV  
  17  0:38  Marine  
  20  0:56  SCV  
  20  0:58  Barracks Reactor  
  20  1:03  SCV  
  21  1:05  Command Center  
  21  1:09  SCV  
  22  1:11  Marine  
  22  1:13  Supply Depot  
  22  1:14  Marine  
  22  1:18  SCV  
  23  1:24  SCV  
  25  1:27  Marine x2  
  25  1:31  SCV  
  26  1:36  Marine x2  
  27  1:40  SCV  
  27  1:42  Command Center  
  27  1:43  Supply Depot, Barracks, Stimpack  
  27  1:46  SCV, Marine x2  
  30  1:54  SCV  
  30  1:56  Marine x2  
  30  2:00  SCV  
  30  2:02  Terran Infantry Weapons Level 1  
  30  2:05  Marine x2  
  30  2:06  Barracks  
  30  2:07  Supply Depot, SCV  
  30  2:08  Barracks Tech Lab, Combat Shield  
  33  2:14  Marine  
  36  2:21  Marine  
  36  2:23  Marine, Orbital Command  
  36  2:24  SCV  
  35  2:30  Marine x2  
  35  2:32  SCV, Marine  
  35  2:33  Barracks Tech Lab  
  38  2:38  Refinery, SCV  
  38  2:39  Marine x2  
  38  2:43  Engineering Bay  
  42  2:45  SCV  
  42  2:46  SCV  
  42  2:48  Marine  
  42  2:49  Marine x2  
  46  2:51  Supply Depot  
  46  2:53  Marine  
  46  2:55  SCV x2  
  46  2:57  Marine  
  50  3:00  Missile Turret  
  50  3:01  SCV x2, Marine x2  
  50  3:02  Marine  
  52  3:08  Marine  
  52  3:10  Marine x2  
  52  3:11  SCV  
  46  3:14  Bunker, Marine  
  46  3:15  SCV, Bunker  
  46  3:16  Terran Infantry Armor Level 1  
  46  3:17  Marine  
  46  3:19  Marine  
  50  3:22  SCV, Factory  
  50  3:23  SCV  
  50  3:24  Marauder x2  
  50  3:26  Marine  
  53  3:27  Marine  
  53  3:31  SCV  
  53  3:33  Refinery  
  56  3:35  Marauder x2  
  56  3:36  Barracks, Marine x2  
  56  3:37  Barracks  
  56  3:39  SCV  
  63  3:44  SCV, Factory Reactor, Starport  
  63  3:48  Marauder, Marine x2  
  70  3:49  Supply Depot, Marauder  
  70  3:55  SCV  
  70  3:56  SCV  
  70  3:59  Missile Turret  
  70  4:01  SCV, Marauder x2  
  70  4:02  Marine  
  74  4:03  SCV  
  74  4:05  Medivac x2  
  74  4:07  Marine  
  73  4:13  Marauder  
  73  4:14  Marauder  
  73  4:16  Supply Depot, SCV  
  79  4:17  Refinery  
  79  4:19  Barracks Reactor, Barracks Tech Lab  
  79  4:21  SCV, Factory Reactor  
  79  4:22  SCV, Marauder  
  85  4:25  Marauder x2  
  85  4:26  Marine  
  85  4:27  SCV  
  85  4:28  SCV, Marine  
  83  4:34  SCV  
  93  4:42  Armory  
  93  4:44  Marine  
  93  4:45  Marine  
  94  4:48  SCV  
  94  4:52  Medivac  
  94  4:53  SCV  
  94  4:56  Supply Depot  
  94  4:57  Marauder x2, Marine  
  94  4:58  Marine x4  
  94  4:59  SCV  
  94  5:06  Marine  
  94  5:07  Marine  
  94  5:08  Marauder  
Show
View Real Time Build Order
Export as new Build Order

Harstem Protoss - Winner!

Build Orders: 1 Gate Expand, Colossus Rush, Dark Templar Rush 

Get SALT Encoding   

  12  0:00  Probe x2  
  12  0:06  Probe  
  15  0:15  Pylon  
  15  0:18  Probe (Chrono Boost)  
  15  0:24  Probe (Chrono Boost), Gateway  
  16  0:30  Probe (Chrono Boost), Assimilator  
  16  0:34  Zealot (Chrono Boost)  
  18  0:36  Probe (Chrono Boost), Pylon  
  18  0:39  Probe (Chrono Boost)  
  19  0:43  Probe  
  19  0:45  Warp Gate  
  19  0:49  Zealot (Chrono Boost)  
  23  0:50  Probe  
  23  0:51  Cybernetics Core  
  23  0:56  Probe  
  26  1:01  Stalker (Chrono Boost)  
  26  1:02  Probe  
  30  1:13  Pylon  
  30  1:16  Charge (Chrono Boost), Probe  
  29  1:25  Adept (Chrono Boost)  
  29  1:27  Nexus  
  29  1:28  Probe  
  29  1:37  Probe  
  27  1:43  Twilight Council, Probe  
  30  1:48  Adept (Chrono Boost)  
  30  1:51  Gateway  
  31  1:54  Probe  
  31  1:57  Probe  
  31  2:00  Probe  
  32  2:03  Probe  
  32  2:05  Zealot (Chrono Boost), Gateway  
  32  2:07  Probe  
  32  2:08  Gateway  
  34  2:10  Probe  
  34  2:13  Probe  
  38  2:16  Probe  
  38  2:18  Assimilator  
  38  2:19  Probe  
  41  2:23  Probe  
  41  2:26  Probe  
  39  2:30  Dark Shrine  
  39  2:33  Pylon  
  39  2:36  Probe x2  
  40  2:37  Zealot x2  
  40  2:38  Zealot  
  40  2:42  Probe  
  48  2:45  Pylon  
  48  2:46  Protoss Ground Armor Level 1 (Chrono Boost)  
  48  2:47  Robotics Facility  
  48  2:48  Assimilator  
  48  2:50  Pylon  
  49  2:53  Probe x2  
  49  2:54  Zealot x3  
  54  2:59  Probe x2  
  54  3:04  Warp Prism (Chrono Boost)  
  56  3:06  Zealot x3  
  62  3:15  Probe  
  62  3:16  Pylon  
  62  3:18  Pylon  
  62  3:19  Probe  
  61  3:21  Probe  
  61  3:23  Pylon  
  61  3:25  Probe  
  61  3:26  Extended Thermal Lance (Chrono Boost)  
  63  3:27  Probe  
  63  3:29  Immortal (Chrono Boost), Forge  
  63  3:31  Probe  
  63  3:33  Nexus  
  66  3:35  Sentry  
  66  3:37  Probe  
  66  3:39  Dark Templar x2  
  73  3:42  Robotics Bay  
  73  3:45  Probe  
  73  3:46  Probe  
  78  3:50  Colossus (Chrono Boost)  
  78  3:54  Probe, Pylon  
  78  3:55  Probe  
  80  4:00  Protoss Ground Weapons Level 1 (Chrono Boost), Probe  
  80  4:01  Probe  
  82  4:03  Probe  
  82  4:06  Probe  
  82  4:07  Probe  
  82  4:08  Zealot x3  
  82  4:09  Probe  
  93  4:10  Colossus (Chrono Boost)  
  93  4:14  Pylon  
  96  4:17  Pylon  
  96  4:18  Probe  
  96  4:19  Probe  
  96  4:20  Dark Templar  
  96  4:21  Zealot x2  
  96  4:24  Gateway  
  103  4:26  Probe  
  103  4:27  Gateway  
  103  4:30  Probe  
  108  4:32  Colossus (Chrono Boost)  
  108  4:35  Zealot x2  
  108  4:36  Probe x2  
  108  4:37  Pylon  
  114  4:38  Zealot  
  114  4:40  Shield Battery  
  114  4:41  Pylon  
  114  4:42  Probe  
  118  4:49  Pylon  
  118  4:50  Zealot x3  
  129  4:54  Photon Cannon  
  129  4:56  Probe  
  129  4:59  Zealot x2  
  131  5:05  Zealot x3  
  136  5:10  Dark Templar x2  
  129  5:22  Probe  
  129  5:23  Dark Templar  
  129  5:24  Dark Templar  
  129  5:25  Dark Templar  
  129  5:27  Zealot x2  
  103  5:28  Probe  
  103  5:34  Probe  
  94  5:36  Pylon  
  94  5:39  Pylon  
  94  5:40  Probe  
  88  5:43  Zealot x3, Dark Templar  
  88  5:44  Zealot  
  88  5:46  Probe  
  97  5:55  Stalker x2  
Tags
 
Add a new tag
Caveats
  • Supply blocks, unpowered buildings, or Contaminate may cause inaccurate times.
  • Supply counts are checked every 10 seconds.